 Seeded DCSS version 0.26.1-10-gdfb7c7de75 (webtiles) character file.

Game seed: 719280578183433182 (custom seed)

258 oldmanjim the Ruffian (level 5, 0/46 HPs)
             Began as a Draconian Transmuter on Apr 7, 2021.
             Killed from afar by an orc wizard (9 damage)
             ... with a magic dart
             ... on level 4 of the Dungeon.
             The game lasted 00:20:30 (3769 turns).

oldmanjim the Ruffian (Draconian Transmuter)        Turns: 3769, Time: 00:20:31

Health: 0/46       AC:  5    Str: 13    XL:     5   Next: 94%
Magic:  8/8        EV: 11    Int: 14    God:
Gold:   74         SH:  3    Dex: 11    Spells: 4/8 levels left

rFire    . . .     SeeInvis .     - Unarmed
rCold    . . .     Faith    .   j - +0 buckler
rNeg     . . .     Spirit   .   (armour unavailable)
rPois    .         Reflect  .   (helmet currently unavailable)
rElec    .         Harm     .   (no cloak)
rCorr    .         Rampage  .   (no gloves)
Will     .....                  (boots currently unavailable)
Stlth    +.........             n - amulet of magic regeneration
HPRegen  0.15/turn              (no ring)
MPRegen  0.36/turn              (no ring)

@: appendages (expiring)
A: unfitting armour, horns 2, talons 2, cold-blooded, AC +5
a: End Transformation


You were on level 4 of the Dungeon.
You had grown temporary horns.
You had grown temporary talons.
You visited 1 branch of the dungeon, and saw 4 of its levels.

You collected 74 gold pieces.

Inventory:

Hand Weapons
 b - a +0 hunting sling of flaming
Missiles
 i - 78 stones
 o - 49 sling bullets
 r - 15 poisoned darts (quivered)
Armour
 j - a +0 buckler (worn)
Jewellery
 n - an amulet of magic regeneration (around neck)
 t - an uncursed amulet of reflection
Scrolls
 a - 3 scrolls of immolation
 d - a scroll of fog {unknown}
 e - a scroll of blinking {unknown}
 f - a scroll of teleportation
 h - a scroll of remove curse
 k - 2 scrolls of identify {unknown}
 l - a scroll of enchant weapon {unknown}
 m - a scroll of fear {unknown}
 s - a scroll of magic mapping {unknown}
 u - a scroll of amnesia {unknown}
Potions
 g - a potion of lignification
 p - a potion of ambrosia {unknown}
 q - a potion of flight {unknown}
 v - a potion of cancellation {unknown}


   Skills:
 - Level 4.0 Fighting
 - Level 1.8 Dodging
 + Level 0.6 Shields
 * Level 4.4 Unarmed Combat
 - Level 2.0 Spellcasting
 * Level 3.4 Transmutations
 + Level 0.5 Poison Magic


You had 4 spell levels left.
You knew the following spells:

 Your Spells              Type           Power        Failure   Level
a - Beastly Appendage     Tmut           22%          9%          1
b - Spider Form           Tmut/Pois      3%           43%         3

Your spell library contained the following spells:

 Spells                   Type           Power        Failure   Level
 Wereblood                Tmut           11%          13%         2
 Ice Form                 Ice/Tmut       6%           86%         4
 Blade Hands              Tmut           5%           93%         5


Dungeon Overview and Level Annotations

Branches:
Dungeon (4/15)
 Temple: D:4-7

Altars:


Innate Abilities, Weirdness & Mutations

Your plain brown scales are hard. (AC +5)
You cannot fit into any form of body armour.
You are cold-blooded and may be slowed by cold attacks.
You have a pair of horns on your head.
You have razor-sharp toenails.


Message History

Your transformation is almost over.
The orc wizard begins to cast a cantrip, but forgets the words!
Items here: ) = [ †.
The ball python bites you but does no damage.
The ball python completely misses you.
Things that are here:
a +0 war axe; an orc corpse Your magical contamination has completely faded away.
Items here: ))) ? [ †. 2 orc priests come into view.
The orc priest shouts! x2
The orc priest miscasts a cantrip.
You punch the ball python!
You kill the ball python!
You closely miss the orc wizard.
The orc wizard points at you and mumbles some strange words.
You block the puff of flame.
The orc wizard gestures at you while chanting.
The magic dart hits you!
You die...

.. ..#
#.###..#
...o.o#
.o..o.
#)##o#
#o##.# #
#)##.#
#.##)##.#
#.#..))##@#
.........o.#
##.#>#######
# #. . . #.


You could see 3 orc priests and an orc wizard (fast).

Vanquished Creatures
  A bullfrog (D:3)
  A scorpion (D:2)
  2 orc wizards (D:4)
  2 adders (D:2)
  An ooze (D:3)
  2 worms
  A leopard gecko (D:4)
  7 orcs (D:4)
  2 ball pythons
  8 bats
  3 giant cockroaches
  4 goblins
  8 hobgoblins
  7 kobolds
  A quokka (D:2)
  4 frilled lizards
  5 rats
59 creatures vanquished.

Notes
Turn   | Place    | Note
-------+----------+-------------------------------------------
     0 | D:1      | oldmanjim the Draconian Transmuter began the quest for the
                  | Orb.
     0 | D:1      | Reached XP level 1. HP: 16/16 MP: 3/3
   511 | D:1      | Reached XP level 2. HP: 23/23 MP: 5/5
   742 | D:1      | You fall into a shaft and drop 1 floor!
   960 | D:2      | Noticed a scorpion
   972 | D:2      | Killed a scorpion
   973 | D:2      | Reached XP level 3. HP: 5/30 MP: 4/6
   973 | D:2      | Reached XP level 4. HP: 6/37 MP: 4/7
  2595 | D:3      | Noticed a bullfrog
  3303 | D:3      | Killed a bullfrog
  3304 | D:3      | Reached XP level 5. HP: 23/46 MP: 8/8
  3308 | D:3      | Learned a level 3 spell: Spider Form
  3769 | D:4      | Killed from afar by an orc wizard

Illustrated notes

Levels and vault maps discovered:
D:1:      dpeg_arrival_signposts, layout_basic
D:2:      layout_basic
D:3:      layout_loops_corners
D:4:      layout_loops_ring, nicolae_overflow_crystal_walls,
          lemuel_temple_firewalk_a

Skill      XL: |  1  2  3  4 |
---------------+-------------+-----
Fighting       | 2 4 |  4.0
Unarmed Combat | 4 |  4.4
Transmutations | 3 |  3.4
Dodging        | |  1.8
Shields        | |  0.6
Spellcasting   | |  2.0
Poison Magic   | |  0.5

Action                   |  1- 3 |  4- 6 || total
-------------------------+-------+-------++-------
Melee: Unarmed           |    43 |    77 ||   120
       Headbutt          |     6 |     7 ||    13
       Kick              |     4 |    14 ||    18
       Tailslap          |     2 |     3 ||     5
 Fire: Hunting sling     |     8 |    52 ||    60
Throw: Dart              |       |     2 ||     2
 Cast: Beastly Appendage |     8 |     9 ||    17
  Use: Potion            |       |     1 ||     1
       Scroll            |       |     3 ||     3
Armor: Skin              |    11 |    21 ||    32
Dodge: Dodged            |    41 |    62 ||   103
Block: Buckler           |       |     3 ||     3
